 Dungeon Crawl Stone Soup version 0.26.1-11-gd32895ea62 (webtiles) character file.

Game seed: 1239242645189592107

1145 ubername the Frost Mage (level 8, -4/54 HPs)
             Began as a Barachi Ice Elementalist on July 25, 2021.
             Slain by a lemure (7 damage)
             ... led by Pikel
             ... on level 5 of the Dungeon.
             The game lasted 00:16:32 (6176 turns).

ubername the Frost Mage (Barachi Ice Elementalist)  Turns: 6176, Time: 00:16:34

Health: -4/54      AC:  7    Str: 10    XL:     8   Next: 37%
Magic:  6/16       EV: 12    Int: 18    God:
Gold:   179        SH:  0    Dex: 12    Spells: 7/18 levels left

rFire    . . .     SeeInvis .   q - +3 dagger (venom)
rCold    + + .     Faith    .   (no shield)
rNeg     + . .     Spirit   .   k - +1 leather armour
rPois    +         Reflect  .   (no helmet)
rElec    +         Harm     .   (no cloak)
rCorr    +         Rampage  .   (no gloves)
Will     .....                  (no boots)
Stlth    ++........             (no amulet)
HPRegen  0.18/turn              r - ring of ice
MPRegen  0.15/turn              i - ring of positive energy

@: icy armour, resistant, marked, corroded, can't hop, frozen ramparts, slow
A: +LOS, swims, slowness 1, strong legs 1
a: Hop


You were on level 5 of the Dungeon.
You visited 2 branches of the dungeon, and saw 6 of its levels.

You collected 179 gold pieces.

Inventory:

Hand Weapons
 q - a +3 dagger of venom (weapon)
 w - a +1 vampiric falchion
Missiles
 a - 2 atropa-tipped darts
 b - 175 stones
 m - 33 sling bullets
 o - 12 poisoned darts (quivered)
Armour
 k - a +1 leather armour (worn)
Jewellery
 c - a +4 ring of slaying
 i - a ring of positive energy (right hand)
 j - a cursed -4 ring of evasion {unknown}
 p - a +4 ring of protection
 r - a ring of ice (left hand)
Wands
 n - a wand of polymorph (6)
Scrolls
 g - 2 scrolls of remove curse
 h - 2 scrolls of teleportation
 l - a scroll of blinking
 s - a scroll of immolation
 t - a scroll of amnesia
 v - a scroll of enchant weapon
Potions
 d - 3 potions of curing
 e - a potion of invisibility
 f - 2 potions of resistance
 u - a potion of heal wounds {unknown}
 x - a potion of flight {unknown}
 z - a potion of might {unknown}
 A - a potion of haste {unknown}
 B - a potion of attraction {unknown}


   Skills:
 + Level 1.1 Fighting
 + Level 0.4(1.1) Short Blades
 * Level 1.8(1.9) Long Blades
 + Level 0.2 Maces & Flails
 + Level 1.9 Throwing
 * Level 3.7 Armour
 + Level 2.3 Dodging
 + Level 2.4 Stealth
 * Level 5.9 Spellcasting
 * Level 8.7 Ice Magic


You had 7 spell levels left.
You knew the following spells:

 Your Spells              Type           Power        Failure   Level
a - Freeze                Ice            100%         1%          1
b - Frozen Ramparts       Ice            100%         1%          3
c - Ozocubu's Armour      Ice            53%          1%          3
d - Hailstorm             Conj/Ice       31%          26%         4

Your spell library contained the following spells:

 Spells                   Type           Power        Failure   Level
 Summon Ice Beast         Ice/Summ       31%          26%         4


Dungeon Overview and Level Annotations

Branches:
Dungeon (5/15)             Temple (1/1) D:4

Altars:
Ashenzari
Elyvilon
Fedhas
Gozag
Hepliaklqana
Kikubaaqudgha
Nemelex Xobeh
Okawaru
Qazlal
Ru
Sif Muna
Uskayaw
Wu Jian
Xom
Zin
The Shining One

Annotations:
D:5 Pikel


Innate Abilities, Weirdness & Mutations

You can be seen from farther away. (+LOS)
You can swim through water.
You cover ground slowly.
You can hop short distances.


Message History

The wall freezes the white imp but does no damage.
The white imp gestures at you. The puff of frost hits you. You resist.
* * * LOW HITPOINT WARNING * * *
The wall freezes the jackal!
You kill the jackal!
The wall freezes the jackal.
You kill the jackal!
The lemure hits you but does no damage.
The wall freezes Pikel!
Pikel hits you with a +0 whip of freezing.
* * * LOW HITPOINT WARNING * * *
The wall freezes the lemure.
The lemure hits you.
* * * LOW HITPOINT WARNING * * *
You barely miss Pikel.
Pikel is severely wounded.
The wall freezes the worker ant!
You kill the worker ant!
The wall freezes the jelly.
The jelly hits you but does no damage.
The wall freezes the lemure.
The lemure hits you!
You die...

#.#≈≈≈#....###.#>
#.#≈.≈#.........
#.#≈≈≈#....###.# #
##.#≈≈†#.#.####.###
####.##..##'##.B........#
.....!......†..#.####.#.##
.........5†#####.# #.#...
##.#..55K# #.# #.#### #
##.5@## ..####..... ##J5#
#........... #..#
#..######### ..[# #..# #
###O# #..# # #F# # #.# #
#(# ..... #.# #####


You could see Pikel (very poisoned), an ogre, 4 lemures, a bullfrog, a jelly and
a white imp.

Vanquished Creatures
  Eustachio (D:4)
  Edmund (D:4)
  2 ogres
  Blork the orc (D:4)
  2 scorpions (D:5)
  A howler monkey (D:4)
  A hound (D:5)
  2 orc priests
  4 orc wizards
  Jessica (D:3)
  An iguana (D:4)
  4 worker ants
  4 adders
  7 gnolls
  2 oozes
  A worm (D:3)
  2 dart slugs
  2 leopard geckos
  11 orcs
  3 ball pythons
  7 bats
  4 giant cockroaches
  5 goblins
  10 hobgoblins
  5 jackals
  A quokka (D:4)
  5 frilled lizards
  7 kobolds
  A quokka skeleton (D:4)
  6 rats
104 creatures vanquished.

Vanquished Creatures (others)
  A frilled lizard (D:2)
1 creature vanquished.

Grand Total: 105 creatures vanquished

Notes
Turn   | Place    | Note
-------+----------+-------------------------------------------
     0 | D:1      | ubername the Barachi Ice Elementalist began the quest for
                  | the Orb.
     0 | D:1      | Reached XP level 1. HP: 13/13 MP: 3/3
    60 | D:1      | Reached skill level 5 in Ice Magic
   173 | D:1      | Reached XP level 2. HP: 15/19 MP: 3/5
  1014 | D:2      | Reached XP level 3. HP: 22/24 MP: 1/7
  1140 | D:2      | Learned a level 3 spell: Frozen Ramparts
  1144 | D:2      | Learned a level 3 spell: Ozocubu's Armour
  1211 | D:2      | Found a faded altar of an unknown god.
  2181 | D:2      | Reached XP level 4. HP: 30/30 MP: 1/8
  2365 | D:2      | Reached skill level 1 in Armour
  2718 | D:2      | Found a white marble altar of Elyvilon.
  3335 | D:3      | Noticed an ogre
  3342 | D:3      | Killed an ogre
  3343 | D:3      | Reached skill level 6 in Ice Magic
  3343 | D:3      | Reached XP level 5. HP: 23/36 MP: 1/10
  3489 | D:3      | Noticed Jessica
  3540 | D:3      | Found a shimmering blue altar of Sif Muna.
  3705 | D:3      | Reached XP level 6. HP: 42/42 MP: 5/12
  4006 | D:3      | Killed Jessica
  4491 | D:4      | Found a staircase to the Ecumenical Temple.
  4505 | Temple   | Entered the Ecumenical Temple
  4646 | D:4      | Noticed Eustachio
  4690 | D:4      | Found a sparkling altar of Nemelex Xobeh.
  4699 | D:4      | Found a shimmering altar of Xom.
  4766 | D:4      | Killed Eustachio
  4767 | D:4      | Reached skill level 1 in Fighting
  4767 | D:4      | Reached skill level 7 in Ice Magic
  4767 | D:4      | Reached XP level 7. HP: 42/48 MP: 7/14
  4833 | D:4      | Found an opulent altar of Gozag.
  4907 | D:4      | Reached skill level 5 in Spellcasting
  4962 | D:4      | Found a broken altar of Ashenzari.
  5021 | D:4      | Noticed Blork the orc
  5038 | D:4      | Killed Blork the orc
  5039 | D:4      | Reached skill level 1 in Long Blades
  5462 | D:4      | Reached skill level 8 in Ice Magic
  5492 | D:4      | Learned a level 4 spell: Hailstorm
  5626 | D:4      | Noticed Edmund
  5638 | D:4      | Killed Edmund
  5639 | D:4      | Reached skill level 1 in Throwing
  5639 | D:4      | Reached XP level 8. HP: 49/54 MP: 9/16
  5958 | D:5      | Entered Level 5 of the Dungeon
  6152 | D:5      | Found a glowing drain.
  6166 | D:5      | Noticed Pikel
  6176 | D:5      | Slain by a lemure

Illustrated notes

Levels and vault maps discovered:
D:1:      dpeg_arrival_boxes_within_box, layout_basic
D:2:      layout_basic, chequers_ecumenical_altar_simple,
          chequers_serial_rivers_small_3, elyvilon_altar_4
D:3:      layout_loops_ring, nicolae_overflow_hidden_temple,
          kennysheep_pointless_box, uniq_jessica
D:4:      layout_basic, cheibrodos_ashenzari_chains, lemuel_crystal_altar,
          grunt_gozag_breadcrumbs, nemelex_xobeh_ov_fountains_minmay,
          minmay_temple_entry_mini_moons, uniq_eustachio, uniq_edmund,
          uniq_blork_the_orc
D:5:      layout_loops_ring, vehumet_crystals, gup_sewer_entry_glass, uniq_pikel
Temple:   zaba_magenta_temple

Skill      XL: |  1  2  3  4  5  6  7 |
---------------+----------------------+-----
Ice Magic      | 5 6 7 8 |  8.7
Spellcasting   | 3 4 5 |  5.9
Armour         | 1 2 3 |  3.7
Fighting       | 1 |  1.1
Stealth        | 2 |  2.4
Long Blades    | 1 |  1.8
Throwing       | 1 |  1.9
Short Blades   | |  0.4
Maces & Flails | |  0.2
Dodging        | |  2.3

Action                   |  1- 3 |  4- 6 |  7- 9 || total
-------------------------+-------+-------+-------++-------
Melee: Club              |     1 |       |       ||     1
       Dagger            |       |    26 |    30 ||    56
Throw: Dart              |       |    15 |    23 ||    38
 Cast: Freeze            |    35 |     7 |     2 ||    44
       Frozen Ramparts   |     5 |    24 |    16 ||    45
       Ozocubu's Armour  |     2 |     6 |     7 ||    15
       Hailstorm         |       |       |     1 ||     1
 Abil: Hop               |       |     2 |     1 ||     3
  Use: Scroll            |       |    12 |     3 ||    15
       Potion            |       |       |     1 ||     1
 Stab: Sleeping          |       |     2 |     1 ||     3
Armor: Robe              |     5 |       |       ||     5
       Leather armour    |     8 |    13 |    17 ||    38
Dodge: Dodged            |    18 |    32 |    23 ||    73
